 Dungeon Crawl Stone Soup version 0.28-a0-883-gc8d7bad45d (webtiles) character file.

Game seed: 18263597887068297368

44 croobank the Sneak (level 3, -3/17 HPs)
             Began as a Felid Delver on Nov 21, 2021.
             Slain by an adder (5 damage)
             ... on level 2 of the Dungeon.
             The game lasted 00:09:57 (1588 turns).

croobank the Sneak (Felid Delver)                   Turns: 1588, Time: 00:09:57

Health: -3/17      AC:  1    Str:  9    XL:     3   Next: 41%
Magic:  3/5        EV: 17    Int: 11    God:
Gold:   140        SH:  0    Dex: 17    Spells: 3/4 levels left
                                        Lives:  0   Deaths: 0

rFire   x . .      SeeInvis +     - Unarmed
rCold   + . .      Faith    .   (shield unavailable)
rNeg    . . .      Spirit   .   (armour unavailable)
rPois   .          Reflect  .   (helmet unavailable)
rElec   .          Harm     .   (cloak unavailable)
rCorr   .          Rampage  .   (gloves unavailable)
Will    .....                   (boots unavailable)
Stlth   ++++......              (no amulet)
HPRegen 0.05/turn               b - ring of ice
MPRegen 0.09/turn               (no ring)

@: lethally poisoned (-3 -> -9), quick
A: very small, claws 1, fangs 3, see invisible, speed 1, shaggy fur 1, stealthy
paws, no weapons or thrown items, no armour, multi-lived
a: no special abilities


You were on level 2 of the Dungeon.
You visited 1 branch of the dungeon, and saw 5 of its levels.

You collected 140 gold pieces.

Inventory:

Missiles
 i - 85 stones
Jewellery
 b - a ring of ice (left paw)
 j - a ring of magical power
Wands
 e - a wand of digging (2)
Scrolls
 c - 2 scrolls of fear
 d - 2 scrolls of blinking {unknown}
 f - 2 scrolls of identify {unknown}
 g - a scroll of immolation {unknown}
 h - a scroll of teleportation {unknown}
Potions
 k - 2 potions of cancellation {unknown}
 l - a potion of curing {unknown}
 m - a potion of lignification {unknown}
 n - a potion of flight {unknown}


   Skills:
 - Level 3.1 Fighting
 - Level 2.8 Dodging
 - Level 7.3 Stealth
 - Level 2.1 Unarmed Combat
 * Level 1.0 Spellcasting
 * Level 1.7 Hexes


You had 3 spell levels left.
You knew the following spells:

 Your Spells              Type           Power      Damage    Failure   Level
a - Slow                  Hex            16%        N/A       16%         1

Your spell library contained the following spells:

 Spells                   Type           Power      Damage    Failure   Level
 Confusing Touch          Hex            4%         N/A       43%         3
 Tukima's Dance           Hex            4%         N/A       43%         3
 Vampiric Draining        Necr           0%         2d6       67%         3
 Passage of Golubria      Tloc           0%         N/A       97%         4
 Yara's Violent Unravell  Hex/Tmut       1%         3d3       99%         5


Dungeon Overview and Level Annotations

Branches:
Dungeon (5/15)             Temple (0/1) D:5

Altars:

Portals:
Ossuary: D:4


Innate Abilities, Weirdness & Mutations

You have sharp claws.
You have razor-sharp teeth.
You have supernaturally acute eyesight. (SInv)
You cover ground quickly. (Speed+)
You are covered in fur. (AC +1)
Your paws help you pounce on unaware monsters.
You are incapable of wielding weapons or throwing items.
You cannot wear armour.
You gain extra lives every three experience levels.


Message History

Found a book of Spatial Translocations.
Found a stone staircase leading down.
Casting: Slow (safe; 17% risk of failure)
Confirm with . or Enter, or press ? or * to list all spells.
Aiming: Slow (safe; 17% risk of failure)
Press: ? - help, Shift-Dir - straight line, f - hobgoblin
Aim: a hobgoblin (chance to affect: 55%)
The hobgoblin seems to slow down.
There is an open door here.
You scratch the hobgoblin.
You kill the hobgoblin!
Your Spellcasting skill increases to level 1!
The adder hisses angrily.
Casting: Slow (safe; 16% risk of failure)
Confirm with . or Enter, or press ? or * to list all spells.
Aiming: Slow (safe; 16% risk of failure)
Press: ? - help, Shift-Dir - straight line, f - adder
Aim: an adder (chance to affect: 47%)
The adder resists with some effort.
You closely miss the adder. The adder bites you.
You are poisoned.
The adder poisons you! The adder bites you.
You are more poisoned.
The adder poisons you!
You scratch the adder.
The adder is moderately wounded.
You feel sick. The adder closely misses you.
You scratch the adder but do no damage.
The adder is moderately wounded.
You feel sick. The adder bites you.
You are more poisoned.
The adder poisons you!
You scratch the adder. You bite the adder.
The adder is heavily wounded.
* * * LOW HITPOINT WARNING * * *
You feel sick. The adder misses you.
As you read the scroll of fog, it crumbles to dust.
The scroll dissolves into smoke.
* * * LOW HITPOINT WARNING * * *
You feel sick. The adder bites you.
You die...

### #.# #.#####
######### #......
........# #.####.
.......§##########.####.
..>...§§§§.....)........
......S@##########.####.
...:..§§# #.# #.
.....§..# #.####.
........# #......
####+#### ##'#####
#......# #......#
#......# #....^.#


You could see an adder.

Vanquished Creatures
  An adder (D:3)
  An ufetubus (D:4)
  5 bats
  2 endoplasms
  A giant cockroach (D:1)
  2 goblins
  4 hobgoblins
  4 kobolds
  4 ball pythons
  2 frilled lizards (D:1)
  3 rats
29 creatures vanquished.

Notes
Turn   | Place    | Note
-------+----------+-------------------------------------------
     0 | D:5      | croobank the Felid Delver began the quest for the Orb.
     0 | D:5      | Reached XP level 1. HP: 10/10 MP: 2/2
     5 | D:5      | Noticed a scorpion
   102 | D:4      | Noticed a gnoll shaman
   117 | D:4      | Noticed an ogre
   125 | D:4      | Found a sand-covered staircase.
   158 | D:4      | Noticed an ogre
   217 | D:4      | Reached skill level 7 in Stealth
   259 | D:3      | Reached XP level 2. HP: 14/14 MP: 3/3
   691 | D:1      | Reached XP level 3. HP: 17/17 MP: 4/4
   711 | D:1      | Reached skill level 1 in Hexes
  1200 | D:2      | Learned a level 1 spell: Slow
  1582 | D:2      | Reached skill level 1 in Spellcasting
  1588 | D:2      | Slain by an adder

Illustrated notes

Levels and vault maps discovered:
D:1:      tarquinn_simple_flora_water_b, layout_rooms, minmay_nonomino_d4
D:2:      wad_pebble_path, layout_basic
D:3:      layout_loops_corners, nicolae_qazlal_general_emergency, uniq_pargi
D:4:      layout_loops_ring, lemuel_tele_altar, nicolae_ossuary_entry_ruins
D:5:      layout_loops_corners, minmay_temple_entry_enclosed_plants

Skill      XL: |  1  2  3 |
---------------+----------+-----
Stealth        | 7 |  7.3
Hexes          | 1 |  1.7
Spellcasting   | 1 |  1.0
Fighting       | |  3.1
Dodging        | |  2.8
Unarmed Combat | |  2.1

Action                   || total
-------------------------++-------
Melee: Unarmed           ||    72
       Punch             ||     1
       Bite              ||     9
 Cast: Slow              ||     2
Evoke: Wand              ||     1
  Use: Scroll            ||     2
       Potion            ||     2
 Stab: Sleeping          ||    12
Armor: Skin              ||     6
Dodge: Dodged            ||    51

Table legend: (Time is in decaauts)
 A = Elapsed time spent in this place.
 B = Non-inter-level travel time spent in this place.
 C = Inter-level travel time spent in this place.
 D = Time resting spent in this place.
 E = Time spent auto-exploring this place.
 F = Levels seen in this place.
 G = Mean time per level.
                   A        B        C        D        E       F      G
               +--------+--------+--------+--------+--------+-----+--------+
         Total |   1321 |   1305 |     16 |    120 |    769 |   5 |  264.2 |
       Dungeon |   1321 |   1305 |     16 |    120 |    769 |   5 |  264.2 |
               +--------+--------+--------+--------+--------+-----+--------+

Top non-repeatable levels by time:
     D:1: 635 daAuts
     D:2: 414 daAuts
     D:4: 106 daAuts
     D:3: 87 daAuts
     D:5: 77 daAuts
